 Dungeon Crawl Stone Soup version 0.31-a0-7-g51783674b7 (webtiles) character file.

Game seed: 18059331592765833631

392 sircluck the Ruffian (level 6, 0/61 HPs)
             Began as a Troll Fighter on May 5, 2023.
             Slain by Edmund
             ... wielding a +1 flail of protection
              (11 damage)
             ... on level 4 of the Dungeon.
             The game lasted 00:04:59 (2333 turns).

sircluck the Ruffian (Troll Fighter)                Turns: 2333, Time: 00:04:59

Health: 0/61       AC:  5    Str: 27    XL:     6   Next: 51%
Magic:  5/5        EV: 10    Int:  4    God:
Gold:   172        SH:  9    Dex: 15    Spells: 5/5 levels left

rFire   . .          .
                       - Unarmed
rCold   . . .        b - +0 kite shield
rNeg    + . .        a - +0 robe
rPois   .            (helmet restricted)
rElec   .            r - +0 cloak
rCorr   .            (gloves unavailable)
SInv    .            (boots unavailable)
Will    .....        (no amulet)
Stlth   ++           e - +6 ring of dexterity
HPRegen 1.10/turn    i - ring of positive energy
MPRegen 0.09/turn

%: no passive effects
@: mighty
A: large, unfitting armour, claws 3, regeneration 1, shaggy fur 1, tough skin 1
a: no special abilities


You were on level 4 of the Dungeon.
You visited 1 branch of the dungeon, and saw 4 of its levels.

You collected 172 gold pieces.

Inventory:

Missiles
 k - 8 stones (quivered)
 s - 5 javelins
 v - 6 boomerangs
Armour
 a - a +0 robe (worn)
 b - a +0 kite shield (worn)
 r - a +0 cloak (worn)
Jewellery
 e - a +6 ring of dexterity (left claw)
 i - a ring of positive energy (right claw)
 n - a ring of fire
 w - an amulet of guardian spirit
 z - a ring of see invisible
Wands
 t - a wand of iceblast (3)
 y - a wand of flame (23)
Scrolls
 d - a scroll of noise {unknown}
 g - 2 scrolls of amnesia {unknown}
 h - a scroll of enchant weapon {unknown}
 l - 6 scrolls of identify {unknown}
 p - a scroll of magic mapping {unknown}
 u - a scroll of teleportation {unknown}
 x - 2 scrolls of immolation {unknown}
 A - a scroll of blinking {unknown}
 C - a scroll of enchant armour {unknown}
Potions
 c - 2 potions of might
 f - a potion of curing
 j - 3 potions of heal wounds {unknown}
 m - 2 potions of flight {unknown}
 o - a potion of lignification {unknown}
 q - a potion of cancellation {unknown}
 B - a potion of brilliance {unknown}


   Skills:
 + Level 3.0 Fighting
 + Level 0.2 Throwing
 + Level 3.8 Dodging
 + Level 0.4 Stealth
 + Level 3.7 Shields
 + Level 4.5 Unarmed Combat


You had 5 spell levels left.
You didn't know any spells.
Your spell library was empty.

Dungeon Overview and Level Annotations

Branches:
Dungeon (4/15)
 Temple: D:4-7

Altars:

Shops:
D:4 ?

Annotations:
D:4 Edmund


Innate Abilities, Weirdness & Mutations

You are too large for most types of armour.
You have claws for hands.
Your natural rate of healing is unusually fast.
You are covered in fur. (AC +1)
You have tough skin. (AC +1)


Message History

The puff of flame hits Edmund.
Edmund is moderately wounded.
Edmund hits you with a +1 flail of protection.
You feel better.
Edmund hits you with a +1 flail of protection!
You feel very mighty all of a sudden. Edmund closely misses you.
You barely miss Edmund.
Edmund is moderately wounded.
Edmund hits you with a +1 flail of protection.
You completely miss Edmund.
Edmund is moderately wounded.
Edmund hits you with a +1 flail of protection!
* * * LOW HITPOINT WARNING * * *
You closely miss Edmund.
Edmund is moderately wounded.
You block Edmund's attack.
You claw Edmund!
Edmund is heavily wounded.
Edmund closely misses you.
You scratch Edmund.
Edmund is heavily wounded.
Edmund says, "A flail is better than a scythe, any day of the week!"
Edmund hits you with a +1 flail of protection.
* * * LOW HITPOINT WARNING * * *
You scratch Edmund.
Edmund is heavily wounded.
Edmund hits you with a +1 flail of protection.
* * * LOW HITPOINT WARNING * * *
You barely miss Edmund.
Edmund is heavily wounded.
You block Edmund's attack.
You scratch Edmund.
Edmund is severely wounded.
Edmund hits you with a +1 flail of protection!
* * * LOW HITPOINT WARNING * * *
You scratch Edmund but do no damage.
Edmund is severely wounded.
Edmund hits you with a +1 flail of protection!
You die...

.......<......#
.......######.# ##..
....... ...... ...
....... #.#..##..
######## #.......#
###......####....#..#
..+......+.........#
..#......# #..@...#
.........# #####@..#
+#.......# #.....#.#
.........###.##### #
.....###..##.# .....#
##.##.#
.....####....#
.....'...>####
.....###### .....#


You could see Edmund.

Vanquished Creatures
  Sigmund (D:3)
  An orc priest (D:2)
  Ijyb (D:3)
  3 orc wizards
  4 adders (D:2)
  A dart slug (D:1)
  3 orcs
  2 bats (D:1)
  5 endoplasms
  3 giant cockroaches
  8 goblins
  3 hobgoblins
  6 jackals
  4 quokkas
  6 ball pythons
  A frilled lizard (D:1)
  A kobold (D:1)
  2 rats
55 creatures vanquished.

Notes
Turn   | Place    | Note
-------+----------+-------------------------------------------
     0 | D:1      | sircluck the Troll Fighter began the quest for the Orb.
     0 | D:1      | Reached XP level 1. HP: 22/22 MP: 0/0
    98 | D:1      | Reached XP level 2. HP: 29/29 MP: 1/1
   526 | D:2      | Reached XP level 3. HP: 36/36 MP: 2/2
   890 | D:2      | Reached XP level 4. HP: 44/44 MP: 3/3
  1595 | D:3      | Noticed Sigmund
  1608 | D:3      | Killed Sigmund
  1609 | D:3      | Reached skill level 4 in Unarmed Combat
  1609 | D:3      | Reached XP level 5. HP: 43/52 MP: 4/4
  1825 | D:3      | Noticed Ijyb
  1835 | D:3      | Killed Ijyb
  1836 | D:3      | Reached XP level 6. HP: 16/61 MP: 5/5
  2195 | D:4      | Noticed Edmund
  2242 | D:4      | Found Rairoi Rebo's Magic Scroll Boutique.
  2264 | D:3      | You fall into a shaft and drop 1 floor!
  2333 | D:4      | Slain by Edmund

Illustrated notes

Levels and vault maps discovered:
D:1:      lightli_arrival_isolated_outpost, layout_rooms,
          minmay_tree_intersection
D:2:      minmay_door_path, layout_basic
D:3:      layout_rooms, uniq_ijyb, uniq_sigmund
D:4:      layout_basic, mainiacjoe_overflow_small_starburst,
          nicolae_stop_n_shop_1, uniq_grinder, uniq_natasha, uniq_edmund

Skill      XL: |  1  2  3  4  5 |
---------------+----------------+-----
Shields        | 3 |  3.7
Dodging        | 3 |  3.8
Unarmed Combat | 4 |  4.5
Fighting       | 3 |  3.0
Throwing       | |  0.2
Stealth        | |  0.4

Action                     |  1- 3 |  4- 6 || total
---------------------------+-------+-------++-------
  Melee: Unarmed           |    96 |   100 ||   196
  Throw: Stone             |       |    14 ||    14
  Evoke: Wand              |       |     1 ||     1
    Use: Potion            |       |     2 ||     2
 Armour: Robe              |    41 |    22 ||    63
  Dodge: Dodged            |    38 |    38 ||    76
  Block: Kite shield       |    40 |    37 ||    77

Table legend: (Time is in decaauts)
 A = Elapsed time spent in this place.
 B = Non-inter-level travel time spent in this place.
 C = Inter-level travel time spent in this place.
 D = Time resting spent in this place.
 E = Time spent auto-exploring this place.
 F = Levels seen in this place.
 G = Mean time per level.
                   A        B        C        D        E       F      G
               +--------+--------+--------+--------+--------+-----+--------+
         Total |   2349 |   2010 |    339 |     19 |   1318 |   4 |  587.2 |
       Dungeon |   2349 |   2010 |    339 |     19 |   1318 |   4 |  587.2 |
               +--------+--------+--------+--------+--------+-----+--------+

Top non-repeatable levels by time:
     D:2: 1048 daAuts
     D:3: 636 daAuts
     D:1: 589 daAuts
     D:4: 74 daAuts
